 Dungeon Crawl Stone Soup version 0.28-a0-535-g6f645e4c1d (webtiles) character file.

Game seed: 10973358980847990392

127 Rennog the Ruffian (level 4, 0/45 HPs)
             Began as a Troll Fighter on Sept 26, 2021.
             Slain by a sky beast (6 damage)
             ... on level 3 of the Dungeon.
             The game lasted 00:02:35 (1730 turns).

Rennog the Ruffian (Troll Fighter)                  Turns: 1730, Time: 00:02:54

Health: 0/45       AC:  4    Str: 24    XL:     4   Next: 85%
Magic:  3/3        EV:  8    Int:  5    God:
Gold:   118        SH:  7    Dex:  9    Spells: 3/3 levels left

rFire   . . .      SeeInvis .     - Unarmed
rCold   . . .      Faith    .   b - +0 kite shield
rNeg    . . .      Spirit   .   a - +0 robe
rPois   .          Reflect  .   (helmet restricted)
rElec   .          Harm     .   (no cloak)
rCorr   .          Rampage  .   (gloves unavailable)
Will    .....                   (boots unavailable)
Stlth   +.........              (no amulet)
HPRegen 1.15/turn               (no ring)
MPRegen 0.08/turn               (no ring)

@: no status effects
A: large, unfitting armour, claws 3, regeneration 1, shaggy fur 1, tough skin 1
a: no special abilities


You were on level 3 of the Dungeon.
You visited 1 branch of the dungeon, and saw 3 of its levels.

You collected 118 gold pieces.

Inventory:

Armour
 a - a +0 robe (worn)
 b - a +0 kite shield (worn)
Scrolls
 f - 3 scrolls of enchant weapon {unknown}
 g - 3 scrolls of identify {unknown}
 i - a scroll of vulnerability {unknown}
Potions
 c - a potion of might
 d - 4 potions of lignification {unknown}
 e - 5 potions of curing {unknown}
 h - a potion of haste {unknown}
 j - a potion of brilliance {unknown}
 k - a potion of cancellation {unknown}


   Skills:
 + Level 3.0 Fighting
 + Level 3.0 Dodging
 + Level 2.7 Shields
 * Level 3.7 Unarmed Combat


You had 3 spell levels left.
You didn't know any spells.
Your spell library contained the following spells:

 Spells                   Type           Power      Damage    Failure   Level
 Corpse Rot               Necr/Air       N/A        N/A       97%         2
 Ensorcelled Hibernation  Hex/Ice        0%         N/A       97%         2
 Poisonous Vapours        Pois/Air       0%         N/A       97%         2
 Tukima's Dance           Hex            0%         N/A       99%         3


Dungeon Overview and Level Annotations

Branches:
Dungeon (3/15)

Altars:

Shops:
D:2 [


Innate Abilities, Weirdness & Mutations

You are too large for most types of armour.
You have claws for hands.
Your natural rate of healing is unusually fast.
You are covered in fur. (AC +1)
You have tough skin. (AC +1)


Message History

You are too injured to fight recklessly!
You are too injured to fight recklessly!
You are too injured to fight recklessly!
You are too injured to fight recklessly!
You are too injured to fight recklessly!
You are too injured to fight recklessly!
You are too injured to fight recklessly!
You are too injured to fight recklessly!
You are too injured to fight recklessly!
You are too injured to fight recklessly!
You are too injured to fight recklessly!
You are too injured to fight recklessly!
You are too injured to fight recklessly!
You are too injured to fight recklessly!
You are too injured to fight recklessly!
You are too injured to fight recklessly!
You are too injured to fight recklessly!
You are too injured to fight recklessly!
You are too injured to fight recklessly!
You scratch the sky beast but do no damage.
The sky beast is moderately wounded.
The sky beast hits you. The sky beast shocks you.
You scratch the sky beast but do no damage.
The sky beast is moderately wounded.
The sky beast flickers out of sight!
Deactivating autopickup; reactivate with Ctrl-A.
Something hits you but does no damage.
You scratch something. Something hits you but does no damage.
You completely miss something. Something hits you but does no damage.
You scratch something but do no damage. Something hits you but does no damage.
You claw something! Something hits you. Something shocks you.
* * * LOW HITPOINT WARNING * * *
You miss something. Something hits you.
* * * LOW HITPOINT WARNING * * *
Something shocks you.
* * * LOW HITPOINT WARNING * * *
Something hits you.
* * * LOW HITPOINT WARNING * * *
Something shocks you.
You die...

##. #.# ##+#####
#.#
#####......###.# ##
...............# #.
##.......).†## ##.
##'##....##†#####..
#.##....#.......#.
#@##....#.##.#.##.
#{##....#.#..#.##.
#.##....#.#..#.##.
#.##....#.#..#.##.
...+.........#.##.
#.##....#<.....##.
#.#####.#.##....
#.# #.#


There were no monsters in sight!

Vanquished Creatures
  Terence (D:3)
  2 gnolls (D:1)
  2 adders (D:2)
  3 worms
  A dart slug (D:1)
  An orc (D:3)
  3 ball pythons
  7 endoplasms
  3 giant cockroaches
  8 goblins
  4 hobgoblins (D:2)
  3 kobolds (D:2)
  3 quokkas (D:1)
  3 bats
  3 frilled lizards
  6 rats
53 creatures vanquished.

Notes
Turn   | Place    | Note
-------+----------+-------------------------------------------
     0 | D:1      | Rennog the Troll Fighter began the quest for the Orb.
     0 | D:1      | Reached XP level 1. HP: 22/22 MP: 0/0
   233 | D:1      | Reached XP level 2. HP: 21/29 MP: 1/1
   470 | D:1      | Reached XP level 3. HP: 18/36 MP: 2/2
  1308 | D:2      | Reached XP level 4. HP: 44/44 MP: 3/3
  1431 | D:2      | Found Curchefykk's Armour Shop.
  1696 | D:3      | Noticed Terence
  1702 | D:3      | Killed Terence
  1716 | D:3      | Noticed a sky beast
  1730 | D:3      | Slain by a sky beast

Illustrated notes

Levels and vault maps discovered:
D:1:      elethiomel_arrival_maze, layout_basic, grunt_decor_mini_mirrors
D:2:      layout_basic, serial_shops, shop
D:3:      layout_basic, nicolae_hepliaklqana_hazy_memory,
          dreamdust_ecumenical_altar_statues, serial_shops, shop_statue,
          nicolae_diamond_shop, nicolae_shop_temple_entry_statues_fountains,
          shop, gammafunk_ghost_mausoleum, minmay_joined_circles, uniq_terence,
          uniq_natasha

Skill      XL: |  1  2  3  4 |
---------------+-------------+-----
Unarmed Combat | 3 |  3.7
Fighting       | 3 |  3.0
Dodging        | 3 |  3.0
Shields        | |  2.7

Action                   |  1- 3 |  4- 6 || total
-------------------------+-------+-------++-------
Melee: Unarmed           |   107 |    54 ||   161
 Stab: Sleeping          |     1 |       ||     1
Armor: Robe              |    35 |    16 ||    51
Dodge: Dodged            |    29 |    15 ||    44
Block: Kite shield       |    34 |    18 ||    52

Table legend: (Time is in decaauts)
 A = Elapsed time spent in this place.
 B = Non-inter-level travel time spent in this place.
 C = Inter-level travel time spent in this place.
 D = Time resting spent in this place.
 E = Time spent auto-exploring this place.
 F = Levels seen in this place.
 G = Mean time per level.
                   A        B        C        D        E       F      G
               +--------+--------+--------+--------+--------+-----+--------+
         Total |   1756 |   1718 |     38 |      0 |   1339 |   3 |  585.3 |
       Dungeon |   1756 |   1718 |     38 |      0 |   1339 |   3 |  585.3 |
               +--------+--------+--------+--------+--------+-----+--------+

Top non-repeatable levels by time:
     D:1: 1143 daAuts
     D:2: 551 daAuts
     D:3: 60 daAuts
